AoeStats
← JRazzz

African Clearing

506157977Analyzed
2v2 RM · 20d ago on Sep 12, 2026· 43m 26s· 4 players
Game mode
Random Map
Map size
Medium (4 player)
Population
200
Speed
Normal
Resources
Standard
Victory
Conquest
Starting age
Dark Age
Ending age
Imperial Age
RankedLock teamsTeams togetherTeam positionsShared explorationLock speedFull tech treeHidden civsTurbo modeCheats
Victory
Defeat
🇺🇾 Chinese · Uruguay
1198
+18
🇺🇸 Persians · United States
1090
+22
🇬🇧 Maya · United Kingdom
1271
-21
🇺🇸 Turks · United States
1198
-19
cjblikstad
4:31 Loom
14:46 Feudal Age
16:28 Wheelbarrow
17:56 Town Watch
21:57 Castle Age
21:48 Bloodlines
22:43 Forging
24:39 Iron Casting
28:24 Scale Barding Armor
32:22 Fletching
36:40 Double-Bit Axe
42:00 Hand Cart
JRazzz
13:12 Feudal Age
12:41 Loom
16:52 Castle Age
17:40 Fletching
20:24 Bodkin Arrow
22:24 Double-Bit Axe
23:44 Ballistics
23:19 Horse Collar
25:19 Padded Archer Armor
30:29 Leather Archer Armor
32:03 Bow Saw
34:19 Wheelbarrow
35:17 Stone Mining
35:17 Gold Mining
40:46 Imperial Age
41:52 Bracer
42:57 Chemistry
42:30 Ring Archer Armor
41:25 Capped Ram
42:11 Elite Plumed Archer
IsabelSabe
7:43 Loom
9:57 Loom
11:58 Feudal Age
12:46 Double-Bit Axe
17:11 Fletching
21:52 Castle Age
20:13 Horse Collar
41:54 Imperial Age
BOT [Quaa]
3:21 Loom
13:08 Feudal Age
17:02 Castle Age
15:49 Double-Bit Axe
17:02 Fletching
27:06 Ballistics
27:41 Wheelbarrow
28:31 Bodkin Arrow
31:48 Bloodlines
34:02 Hand Cart
34:01 Bow Saw
36:39 Gold Mining
39:49 Imperial Age
36:46 Crossbowman
37:34 Padded Archer Armor
38:21 Thumb Ring
39:30 Leather Archer Armor
39:12 Town Watch
39:14 Horse Collar
40:39 Town Patrol
40:17 Arbalester
40:59 Bracer
41:30 Ring Archer Armor
43:05 Chemistry
Connection lost

Rejoining the realm…

Still unreachable

The connection could not be restored.

Session expired

The server has moved on; the page needs a fresh start.